 Dungeon Crawl Stone Soup version 0.30.0-29-ga12c61a403 (webtiles) character file.

Game seed: 8783019484398774396

763 qw the Chopper (level 7, -2/45 HPs)
             Began as a Gargoyle Fighter on June 4, 2023.
             Killed by divine providence
             ... invoked by an orc priest
              (13 damage)
             ... on level 4 of the Dungeon.
             The game lasted 00:01:44 (3250 turns).

qw the Chopper (Gargoyle Fighter)                   Turns: 3250, Time: 00:01:44

Health: -2/45      AC: 15    Str: 22    XL:     7   Next: 81%
Magic:  7/7        EV:  9    Int:  8    God:
Gold:   185        SH: 12    Dex:  9    Spells: 6/6 levels left

rFire   + . .        Y - +0 war axe
rCold   . . .        a - +2 kite shield {reflect}
rNeg    + . .        g - +0 chain mail
rPois   inf          (no helmet)
rElec   +            (no cloak)
rCorr   .            (no gloves)
SInv    .            (no boots)
Will    .....        (no amulet) Stlth
                     h - ring of the Octopus King {rF+ HP+2 AC+2 EV+2 SH+2}
HPRegen 0.27/turn    (no ring)
MPRegen 0.10/turn

%: reflection
@: no status effects
A: sickness immunity, AC +4, negative energy resistance 1, electricity
resistance, torment resistance 1, petrification resistance
a: no special abilities


You were on level 4 of the Dungeon.
You visited 1 branch of the dungeon, and saw 4 of its levels.

You collected 185 gold pieces.


Innate Abilities, Weirdness & Mutations

You are immune to sickness and miasma.
Your stone body is resilient. (AC +4)
You are immune to poison.
You resist negative energy. (rN+)
You are resistant to electric shocks. (rElec)
You are resistant to unholy torment.
You are immune to petrification.


   Skills:
 - Level 4.1 Fighting
 - Level 6.0 Axes
 - Level 3.2 Armour
 - Level 1.8 Dodging
 + Level 5.7 Shields


You had 6 spell levels left.
You didn't know any spells.
Your spell library was empty.

Inventory:

Hand Weapons
 i - a +0 flail
 Y - a +0 war axe (weapon)
Armour
 a - a +2 kite shield of reflection (worn)
 g - a +0 chain mail (worn)
Jewellery
 h - a ring of the Octopus King (left hand) {rF+ HP+2 AC+2 EV+2 SH+2}
   (You found it on level 2 of the Dungeon)

   [ring of protection from fire]

   AC:        It affects your AC (+2).
   EV:        It affects your evasion (+2).
   rF:        It protects you from fire.
   HP:        It affects your health (+2).
   SH:        It affects your SH (+2).
Scrolls
 l - 5 scrolls of identify
Potions
 b - a potion of mutation {unknown}
 d - 2 potions of might
 e - a potion of magic
 k - a potion of cancellation

Dungeon Overview and Level Annotations

Branches:
Dungeon (4/15)
 Temple: D:4-7

Altars:


Message History

You see here a giant cockroach corpse.
The goblin shouts!
The orc hits you but does no damage.
The orc priest calls down the wrath of Beogh upon you.
Beogh smites you!
You closely miss the orc. You block the orc's attack.
You slash the orc!
You kill the orc!
You closely miss the orc wizard.
The orc wizard points at you and mumbles some strange words.
The magic dart hits you but does no damage.
You block the orc wizard's attack. The iguana bites you.
You completely miss the orc wizard. You hit the iguana but do no damage.
The orc priest invokes the aid of Beogh against you.
Beogh smites you! You block the orc wizard's attack.
The iguana bites you but does no damage.
You barely miss the orc wizard. You hit the iguana but do no damage.
The orc wizard barely misses you. You block the iguana's attack.
You hit the orc wizard.
The orc wizard is lightly wounded.
You slash the iguana!
The orc wizard gestures at you while chanting.
The magic dart hits you but does no damage.
You block the iguana's attack. The orc wizard barely misses you.
The iguana completely misses you.
The orc priest calls upon Beogh to heal the orc wizard.
The orc wizard's wounds heal themselves!
You slash the iguana!
You kill the iguana!
You barely miss the orc wizard.
The orc wizard hits you but does no damage.
You closely miss the orc wizard. You barely miss the orc priest.
The orc wizard hits you with a +0 dagger of pain.
The orc priest hits you but does no damage.
You barely miss the orc wizard. You hit the orc priest.
You block the orc wizard's attack.
The orc priest calls down the wrath of Beogh upon you.
Beogh smites you!
You die...

#..............#
.#
###..#####.#.###
#.# ....# #.# ..
... ...##
#)#####.# .. ###
#.)<....# . ..
###....## #.
##..#.#
######o####.....#
.....go@%....####
......########
..... .... ... ..
.


You could see an orc priest, an orc wizard and a goblin.

Vanquished Creatures
  Grinder (D:3)
  2 centaurs (D:4)
  An ogre (D:3)
  A wight (D:4)
  An orc priest (D:3)
  3 iguanas
  2 orc wizards (D:3)
  5 adders
  A worm (D:2)
  3 dart slugs
  3 orcs
  7 endoplasms
  2 giant cockroaches
  7 hobgoblins
  A quokka (D:2)
  7 ball pythons
  8 bats
  4 frilled lizards
  13 goblins
  5 kobolds
  7 rats
84 creatures vanquished.

Notes
Turn   | Place    | Note
-------+----------+-------------------------------------------
     0 | D:1      | qw the Gargoyle Fighter began the quest for the Orb.
     0 | D:1      | Reached XP level 1. HP: 14/14 MP: 1/1
     0 | D:1      | 0 ||| qw: Version: 0.2-a-107-g8a026e3
     0 | D:1      | 0 ||| qw: Game counter: 1174
     0 | D:1      | 0 ||| qw: Always use a shield: true
     0 | D:1      | 0 ||| qw: God list: Okawaru
     0 | D:1      | 0 ||| qw: Allow faded altars: false
     0 | D:1      | 0 ||| qw: Do Orc after D:15 true
     0 | D:1      | 0 ||| qw: Do second Lair branch before Depths: true
     0 | D:1      | 0 ||| qw: Lair rune preference: random
     0 | D:1      | 0 ||| qw: Plans: Normal, Zot:1-4, Slime:5, God:TSO, Crypt,
                  | Tomb, Abyss, Pan, Hells, Win
     0 | D:1      | 0 ||| PLANNING D:1-11
    45 | D:1      | 45 ||| Stepping ~*~*~tactically~*~*~ (stealth).
    52 | D:1      | Reached skill level 2 in Axes
    57 | D:1      | 57 ||| Stepping ~*~*~tactically~*~*~ (stealth).
   142 | D:1      | Found a faded altar of an unknown god.
   143 | D:1      | 143 ||| Stepping ~*~*~tactically~*~*~ (hiding).
   151 | D:1      | Reached XP level 2. HP: 19/19 MP: 2/2
   410 | D:1      | Reached skill level 3 in Axes
   497 | D:1      | Reached XP level 3. HP: 23/23 MP: 3/3
   735 | D:1      | 735 ||| READING scroll labelled DEES HOSYITOLO.
   736 | D:1      | 736 ||| READING scroll labelled ENEMNUIDDE.
   739 | D:1      | 739 ||| READING scroll labelled MELILI OSYLUMUBUA.
   740 | D:1      | 740 ||| READING scroll labelled YDAOSY YMAMENT.
   741 | D:1      | 741 ||| READING scroll labelled JOUSUE OLATUEDGHEO.
   742 | D:1      | 742 ||| READING 3 scrolls labelled TOEBOIHOINK.
   743 | D:1      | 743 ||| DRINKING 2 golden potions.
   744 | D:1      | 744 ||| DROPPING potion of brilliance.
   884 | D:2      | 884 ||| Stepping ~*~*~tactically~*~*~ (stealth).
   952 | D:2      | Reached XP level 4. HP: 26/28 MP: 4/4
   987 | D:2      | Found the ring of the Octopus King
   994 | D:2      | Identified a ring of the Octopus King {rF+ HP+2 AC+2 EV+2
                  | SH+2}
  1307 | D:2      | 1307 ||| Stepping ~*~*~tactically~*~*~ (stealth).
  1391 | D:2      | Reached skill level 4 in Axes
  1586 | D:2      | 1586 ||| UPGRADING to +0 chain mail.
  1596 | D:2      | 1596 ||| DROPPING +0 scale mail.
  1597 | D:2      | 1597 ||| UPGRADING to ring of the Octopus King {rF+ HP+2
                  | AC+2 EV+2 SH+2}.
  1603 | D:2      | 1603 ||| READING scroll labelled HUSISI MA ARCHOMA.
  1704 | D:2      | 1704 ||| READING scroll labelled BAUQELAKHO.
  1705 | D:2      | 1705 ||| READING 3 scrolls of identify.
  1705 | D:2      | 1705 ||| IDENTIFYING orange potion
  1805 | D:3      | 1805 ||| PLANNING D:1-11
  1913 | D:3      | Noticed Grinder
  1917 | D:3      | Paralysed by Grinder for 5 turns
  1930 | D:3      | HP: 4/30 [Grinder (6)]
  1932 | D:3      | 1932 ||| FLEEEEING.
  1933 | D:3      | 1933 ||| FLEEEEING.
  1934 | D:3      | 1934 ||| FLEEEEING.
  1935 | D:3      | 1935 ||| FLEEEEING.
  1935 | D:3      | Paralysed by Grinder for 2 turns
  1937 | D:3      | 1937 ||| FLEEEEING.
  1938 | D:3      | 1938 ||| FLEEEEING.
  1939 | D:3      | 1939 ||| FLEEEEING.
  1946 | D:3      | 1946 ||| FLEEEEING.
  1947 | D:3      | 1947 ||| FLEEEEING.
  1948 | D:3      | 1948 ||| FLEEEEING.
  1949 | D:3      | 1949 ||| FLEEEEING.
  1950 | D:3      | 1950 ||| FLEEEEING.
  1951 | D:3      | 1951 ||| FLEEEEING.
  1952 | D:3      | 1952 ||| FLEEEEING.
  1953 | D:3      | 1953 ||| FLEEEEING.
  1954 | D:3      | 1954 ||| FLEEEEING.
  1955 | D:3      | 1955 ||| FLEEEEING.
  1956 | D:3      | 1956 ||| FLEEEEING.
  1957 | D:3      | 1957 ||| FLEEEEING.
  1973 | D:3      | HP: 7/30 [Grinder (7)]
  1976 | D:3      | Killed Grinder
  1977 | D:3      | Reached skill level 6 in Axes
  1977 | D:3      | Reached XP level 5. HP: 7/32 MP: 5/5
  1977 | D:3      | Reached XP level 6. HP: 8/37 MP: 6/6
  2145 | D:3      | 2145 ||| DROPPING +0 club.
  2756 | D:3      | Reached skill level 1 in Dodging
  2756 | D:3      | Reached XP level 7. HP: 18/43 MP: 7/7
  2856 | D:3      | 2856 ||| UPGRADING to +2 kite shield of reflection.
  2866 | D:3      | 2866 ||| DROPPING +0 buckler.
  2867 | D:3      | 2867 ||| READING scroll labelled VEHIAR ZUGITU.
  2868 | D:3      | 2868 ||| READING 3 scrolls labelled OWU JOOCKIN.
  2869 | D:3      | 2869 ||| READING scroll labelled AKKAHO ISHRES.
  2870 | D:3      | 2870 ||| READING 4 scrolls of identify.
  2870 | D:3      | 2870 ||| IDENTIFYING amethyst potion
  2871 | D:3      | 2871 ||| DROPPING 2 scrolls of blinking.
  3196 | D:4      | 3196 ||| Stepping ~*~*~tactically~*~*~ (stealth).
  3238 | D:4      | 3238 ||| Stepping ~*~*~tactically~*~*~ (hiding).
  3239 | D:4      | 3239 ||| Stepping ~*~*~tactically~*~*~ (stealth).
  3249 | D:4      | HP: 11/45 [orc wizard/+0 dagger of pain (3)]
  3250 | D:4      | Killed from afar by an orc priest

Levels and vault maps discovered:
D:1:      psy_arrival_basics, layout_basic, shapermc_ecumenical_altar_venn
D:2:      layout_loops_ring
D:3:      layout_loops_ring, minmay_ogre_servants, uniq_grinder
D:4:      minmay_chambers_of_fours, layout_basic, uniq_robin

Skill      XL: |  1  2  3  4  5  6  7 |
---------------+----------------------+-----
Axes           | 2 3 6 |  6.0
Fighting       | 4 |  4.1
Dodging        | 1 |  1.8
Shields        | 5 |  5.7
Armour         | |  3.2

Action                     |  1- 3 |  4- 6 |  7- 9 || total
---------------------------+-------+-------+-------++-------
  Melee: War axe           |    86 |   136 |    80 ||   302
    Use: Scroll            |     6 |     3 |     4 ||    13
         Potion            |     1 |       |       ||     1
 Armour: Scale mail        |    51 |    24 |       ||    75
         Chain mail        |       |    40 |    48 ||    88
  Dodge: Dodged            |    41 |    43 |    26 ||   110
  Block: Buckler           |    12 |    19 |     1 ||    32
         Kite shield       |       |       |    50 ||    50
         Reflection        |       |       |     1 ||     1

Table legend:
 A = Non-vault XP
 B = Vault XP
 C = Vault XP percentage of total XP
 D = Non-vault monster count
 E = Vault monster count
 F = Vault count percentage of total count
                 A         B        C        D         E       F
            +---------+---------+-------+---------+---------+-------
      Total |     458 |     632 |  58.0 |      68 |      16 |  19.0
            +---------+---------+-------+---------+---------+-------
        D:1 |      40 |       0 |   0.0 |      24 |       0 |   0.0
        D:2 |      74 |       0 |   0.0 |      22 |       0 |   0.0
        D:3 |     161 |     405 |  71.6 |      12 |      10 |  45.5
        D:4 |     183 |     227 |  55.4 |      10 |       6 |  37.5
            +---------+---------+-------+---------+---------+-------
